 Dungeon Crawl Stone Soup version 0.30.0-20-g3b4254fcbd (webtiles) character file.

Game seed: 17172903206929526998

1928 loir the Trooper (level 9, -5/68 HPs)
             Began as a Djinni Conjurer on June 2, 2023.
             Was an Initiate of Gozag.
             Shot with an arrow by a centaur (8 damage)
             ... on level 6 of the Dungeon on June 3, 2023.
             The game lasted 01:00:35 (6331 turns).

loir the Trooper (Djinni Conjurer)                  Turns: 6331, Time: 01:00:36

Health: -5/68      AC:  6    Str:  6    XL:     9   Next: 40%
Gold:   603        EV: 19    Int: 24    God:    Gozag SH:  5 Dex: 12

rFire   + + .        u - +3 dagger (venom)
rCold   x . .        (no shield)
rNeg    . . .        a - +1 robe
rPois   ∞            b - +2 helmet
rElec   .            (no cloak)
rCorr   .            (no gloves)
SInv    .            (boots unavailable)
Will    .....        p - amulet of reflection
Stlth   ++           i - +5 ring of evasion
HPRegen 0.31/turn    r - ring of wizardry
MPRegen 0.00/turn

%: reflection, wizardry (x1), infuse magic (-6 HP)
@: flying
A: sickness immunity, fire resistance 2, cold vulnerability 1, float, innate
caster, HP casting, extra vitality 1
a: Renounce Religion, Potion Petition, Call Merchant, Bribe Branch


You were on level 6 of the Dungeon.
You worshipped Gozag.
Gozag was pleased with you.
You visited 2 branches of the dungeon, and saw 7 of its levels.

You collected 663 gold pieces.
You paid 60 gold pieces to Gozag.

Inventory:

Hand Weapons
 o - a +1 short sword of draining
 s - a +0 dagger of speed
 u - a +3 dagger of venom (weapon)
Missiles
 l - 5 throwing nets
Armour
 a - a +1 robe (worn)
 b - a +2 helmet (worn)
 f - a +0 pair of gloves
Magical Staves
 q - a staff of poison
Jewellery
 i - a +5 ring of evasion (left hand)
 p - an amulet of reflection (around neck)
 r - a ring of wizardry (right hand)
Wands
 g - a wand of paralysis (14)
Scrolls
 k - a scroll of magic mapping
 n - a scroll of teleportation
Potions
 c - 2 potions of heal wounds
 d - 6 potions of curing
 e - a potion of lignification
 h - 2 potions of attraction
 j - 3 potions of brilliance
 m - a potion of mutation {unknown}
 t - 2 potions of resistance


   Skills:
 * Level 7.1 Fighting
 + Level 6.5 Dodging
 - Level 1.5 Stealth
 * Level 6.4 Spellcasting


You knew the following spells:

 Your Spells              Type           Power      Damage    Failure   Level
a - Magic Dart            Conj           100%       1d8       1%          1
b - Searing Ray           Conj           76%        2d7       1%          2
c - Dazzling Flash        Conj/Hex       76%        N/A       1%          3
d - Fulminant Prism       Conj/Hex       19%        3d10      2%          4
e - Iskenderun's Mystic   Conj/Tloc      38%        2d9       2%          4
f - Necrotise             Necr           100%       1d9       1%          1
g - Poisonous Vapours     Pois/Air       76%        N/A       1%          2
h - Call Canine Familiar  Summ           38%        N/A       1%          3
i - Hailstorm             Conj/Ice       38%        3d9       1%          3
Your spell library was empty.

Dungeon Overview and Level Annotations

Branches:
Dungeon (6/15)             Temple (1/1) D:4

Altars:
Ashenzari
Cheibriados
Dithmenos
Elyvilon
Fedhas
Gozag
Hepliaklqana
Nemelex Xobeh
Qazlal
Ru
Trog
Uskayaw
Wu Jian
Xom
Yredelemnul
Zin
The Shining One


Innate Abilities, Weirdness & Mutations

You are immune to sickness and miasma.
You are immune to poison.
Your flesh is very heat resistant. (rF++)
You are vulnerable to cold. (rC-)
You float through the air rather than walking.
You learn spells naturally, not from books.
Your magical power is your life essence.
You have superior vitality. (+4 MHP)


Message History

Aiming: Magic Dart (safe; 1% risk of failure)
Press: ? - help, Q - select action, (/) - cycle Shift-Dir - straight line, f/p - centaur
Aim: a centaur, wielding a +0 shortbow (100% to hit)
The magic dart hits the centaur.
The centaur is lightly wounded.
The centaur shoots an arrow.
The arrow hits you!
* * * LOW HITPOINT WARNING * * *
Found a dented sapphire amulet.
You start putting on your amulet.
You continue putting on your amulet of reflection. x5
You finish putting on your amulet of reflection.
You feel a shielding aura gather around you.
p - an amulet of reflection (around neck)
The centaur shoots an arrow.
The arrow misses you.
The centaur shoots an arrow.
You block the arrow with an invisible shield... and reflect it back!
The arrow closely misses the centaur.
The centaur shoots an arrow.
The arrow hits you.
* * * LOW HITPOINT WARNING * * *
You see here an amulet of magic regeneration.
Casting: Magic Dart (safe; 1% risk of failure)
Confirm with . or Enter, or press ? or * to list all spells.
Aiming: Searing Ray (safe; 1% risk of failure)
Press: ? - help, Shift-Dir - straight line, f/p - centaur
Aim: a centaur, wielding a +0 shortbow (88% to hit)
The searing ray hits the centaur.
The centaur is moderately wounded. (Press . to maintain the ray.)
* * * LOW HITPOINT WARNING * * *
The centaur shoots an arrow.
The arrow hits you!
* * * LOW HITPOINT WARNING * * *
The centaur shoots an arrow.
The arrow completely misses you.
The searing ray hits the centaur!
The centaur is heavily wounded.
* * * LOW HITPOINT WARNING * * *
The searing ray hits the centaur!
The centaur is almost dead.
* * * LOW HITPOINT WARNING * * *
The centaur shoots an arrow.
The arrow hits you!
You die...
Your body crumbles into a pile of gold.

#####
######.............P.#
#..... ............P.#
.....###............#
....................#
#..............P.#
#####..............P.#
.......c#..........P.#
........#..........P...
.......@#!$$..........#
........#..$..........#
........#.........._...
..............c.......
......#..............
......#............P
......#............
......#...........


You could see a centaur.

Vanquished Creatures
  Grinder (D:6)
  Menkaure (D:4)
  4 black bears
  2 orc warriors
  A centaur (D:5)
  A gnoll sergeant (D:4)
  A kobold brigand (D:6)
  3 hounds
  2 sleepcaps (D:6)
  3 orc priests
  5 iguanas
  Terence (D:3)
  7 orc wizards
  Robin (D:3)
  3 adders
  8 gnolls
  3 white imps (D:5)
  An ufetubus (D:6)
  A worm (D:2)
  3 dart slugs
  26 orcs
  8 ball pythons
  9 endoplasms
  A giant cockroach (D:1)
  12 goblins
  11 hobgoblins
  4 jackals (D:4)
  11 kobolds
  3 quokkas
  9 bats
  A frilled lizard (D:1)
  4 rats
151 creatures vanquished.

Vanquished Creatures (others)
  8 fulminant prisms
8 creatures vanquished.

Grand Total: 159 creatures vanquished

Notes
Turn   | Place    | Note
-------+----------+-------------------------------------------
     0 | D:1      | loir the Djinni Conjurer began the quest for the Orb.
     0 | D:1      | loir set off with the following spells memorised: Magic
                  | Dart, Searing Ray, Dazzling Flash, Fulminant Prism,
                  | Iskenderun's Mystic Blast.
     0 | D:1      | Reached XP level 1. HP: 15/15 MP: 0/0
   186 | D:1      | Reached XP level 2. HP: 14/22 MP: 0/0
   322 | D:1      | Reached skill level 1 in Fighting
   455 | D:1      | Reached XP level 3. HP: 19/27 MP: 0/0
   455 | D:1      | Learned a level 1 spell: Necrotise
  1375 | D:2      | Reached XP level 4. HP: 26/33 MP: 0/0
  1897 | D:3      | Noticed Terence
  1906 | D:3      | Killed Terence
  1907 | D:3      | Reached skill level 2 in Fighting
  2149 | D:3      | Noticed Robin
  2154 | D:3      | Killed Robin
  2155 | D:3      | Reached XP level 5. HP: 14/38 MP: 0/0
  2155 | D:3      | Learned a level 2 spell: Poisonous Vapours
  2897 | D:4      | Identified the +2 scale mail of Follow the Leader {+Inv rF+
                  | rCorr Int-3}
  2967 | D:4      | Reached XP level 6. HP: 27/45 MP: 0/0
  2973 | D:4      | Reached skill level 3 in Fighting
  3080 | D:4      | Noticed Menkaure
  3083 | D:4      | Killed Menkaure
  3084 | D:4      | Reached XP level 7. HP: 47/51 MP: 0/0
  3084 | D:4      | Learned a level 3 spell: Call Canine Familiar
  3250 | D:4      | Found a staircase to the Ecumenical Temple.
  3296 | D:4      | Reached skill level 4 in Fighting
  3359 | Temple   | Entered the Ecumenical Temple
  3359 | Temple   | Found a transporter.
  3359 | Temple   | Found a transporter.
  3380 | Temple   | Found a transporter.
  3380 | Temple   | Found a transporter.
  3517 | Temple   | Became a worshipper of Gozag Ym Sagoz the Greedy
  4060 | D:4      | Found a shimmering altar of Xom.
  4062 | D:4      | Found a snail-covered altar of Cheibriados.
  4274 | D:5      | Entered Level 5 of the Dungeon
  4519 | D:4      | Reached skill level 5 in Dodging
  4719 | D:5      | Identified the +8 sling "Meyrax" {freeze, rF+ rC+ rCorr
                  | Stlth+}
  4735 | D:5      | Reached skill level 5 in Spellcasting
  4735 | D:5      | Reached XP level 8. HP: 35/58 MP: 0/0
  4845 | D:5      | Reached skill level 5 in Fighting
  5597 | D:5      | Reached skill level 6 in Fighting
  5813 | D:6      | Noticed Grinder
  5821 | D:6      | Killed Grinder
  5822 | D:6      | Reached XP level 9. HP: 52/67 MP: 0/0
  5822 | D:6      | Learned a level 3 spell: Hailstorm
  6214 | D:6      | Reached skill level 7 in Fighting
  6294 | D:6      | Found a blossoming altar of Fedhas.
  6331 | D:6      | Shot with an arrow by a centaur

Illustrated notes

Levels and vault maps discovered:
D:1:      dpeg_arrival_three_same_balls, layout_basic, grunt_decor_junction
D:2:      layout_loops_cross, minmay_bisected
D:3:      layout_loops_cross, uniq_terence, uniq_robin
D:4:      layout_loops_ring, chequers_temple_overflow_statue_of_worship,
          temple_hall, serial_aquarium, aquarium_bridge_straight
          [aquarium_subvault_bridge, aquarium_subvault_balcony,
          aquarium_subvault_bridge, aquarium_subvault_wall], aquarium_window_2,
          aquarium_window_2, aquarium_window_2, aquarium_view_2e,
          aquarium_view_2c, aquarium_pool_S, uniq_menkaure
D:5:      layout_rooms, amcnicky_mini_corridor_feature
D:6:      layout_basic, mainiacjoe_overflow_boulevard,
          nicolae_elevator_lobby_asterisk, uniq_grinder
Temple:   hellmonk_temple_divided_pantheon

Skill      XL: |  1  2  3  4  5  6  7  8  9 |
---------------+----------------------------+-----
Fighting       | 1 2 3 4 6 7 |  7.1
Dodging        | 3 4 5 6 |  6.5
Spellcasting   | 4 5 6 |  6.4
Stealth        | |  1.5

Action                     |  1- 3 |  4- 6 |  7- 9 || total
---------------------------+-------+-------+-------++-------
  Melee: Dagger            |       |       |    86 ||    86
   Cast: Magic Dart        |    81 |    62 |   157 ||   300
         Searing Ray       |       |    15 |    21 ||    36
         Necrotise         |       |     1 |       ||     1
         Fulminant Prism   |       |     1 |     7 ||     8
         Dazzling Flash    |       |       |     5 ||     5
         Poisonous Vapours |       |       |     5 ||     5
         Call Canine Famil |       |       |     2 ||     2
    Use: Scroll            |     5 |    10 |     4 ||    19
         Potion            |       |       |     1 ||     1
   Stab: Invisible         |       |       |     2 ||     2
 Armour: Robe              |     1 |     3 |    42 ||    46
  Dodge: Dodged            |     6 |    32 |   240 ||   278
  Block: Other             |       |       |     1 ||     1
         Reflection        |       |       |     1 ||     1
